 Dungeon Sprint DCSS version 0.31-a0-700-gf13585253f (webtiles) character file.

Game seed: 16543407127810941948

14518 sircluck the Brawler (level 11, 0/177 HPs)
             Began as a Troll Berserker on Sept 7, 2023.
             Was the Champion of Trog.
             Slain by a 13-headed hydra (1 damage)
             ... while paralysed by a floating eye
             ... in the Dungeon (Sprint I: "Red Sonja").
             The game lasted 00:12:32 (1518 turns).

sircluck the Brawler (Troll Berserker)              Turns: 1518, Time: 00:12:32

Health: 0/177      AC: 10    Str: 29 (31) XL:     11   Next: 89%
Magic:  10/10      EV:  1    Int:  5      God:    Trog [******]
Gold:   2128       SH:  0    Dex:  9      Spells: 10/10 levels left

rFire   x .          .
                       - Unarmed
rCold   . . .        (no shield)
rNeg    . . .        a - +0 animal skin
rPois   .            j - +3 crown of Dyrovepreva {rElec Int+2 SInv}
rElec   +            l - +2 cloak
rCorr   .            (gloves unavailable)
SInv    +            (boots unavailable)
Will    .....        (no amulet) Stlth
                     (no ring)
HPRegen 1.29/turn    (no ring)
MPRegen 0.12/turn

%: no teleportation
@: paralysed, berserking
A: large, unfitting armour, claws 3, regeneration 1, shaggy fur 1, tough skin 1,
deterioration 2, frail 1, no potion heal 1, heat vulnerability 1
a: Renounce Religion, Berserk, Trog's Hand, Brothers in Arms


You were in the Dungeon.
You worshipped Trog.
Trog was exalted by your worship.
You visited 1 branch You collected 2439 gold pieces.
You spent 311 gold pieces at shops.

Inventory:

Missiles
 m - 6 poisoned darts
Armour
 a - a +0 animal skin (worn)
 j - the +3 crown of Dyrovepreva (worn) {rElec Int+2 SInv}
   (You found it in the Dungeon)

   Int+2:     It affects your intelligence (+2).
   rElec:     It insulates you from electricity.
   SInv:      It lets you see invisible.
 l - a +2 cloak (worn)
Wands
 h - a wand of flame (16)
Scrolls
 c - 2 scrolls of identify {unknown}
 g - a scroll of blinking
 i - a scroll of immolation {unknown}
Potions
 b - a potion of heal wounds
 d - a potion of haste
 e - 2 potions of magic
 f - a potion of berserk rage
 k - 3 potions of curing


   Skills:
 + Level 15.2 Fighting
 + Level 15.0 Dodging
 + Level 17.7 Unarmed Combat


You had 10 spell levels left.
You didn't know any spells.
Your spell library was empty.

Dungeon Overview and Level Annotations

Branches:
Dungeon (1/1)

Altars:
Cheibriados
Dithmenos
Elyvilon
Fedhas
Gozag
Hepliaklqana
Kikubaaqudgha
Makhleb
Nemelex Xobeh
Okawaru
Qazlal
Ru
Sif Muna
Trog
Uskayaw
Vehumet
Wu Jian
Xom
Yredelemnul
Zin
The Shining One
Jiyva
Lugonu

Shops:
D **(=*?([[*!?*==!*?[[[


Innate Abilities, Weirdness & Mutations

You are too large for most types of armour.
You have claws for hands.
Your natural rate of healing is unusually fast.
You are covered in fur. (AC +1)
You have tough skin. (AC +1)
Your body often deteriorates upon taking damage.
You are frail. (-10% HP)
Potions are less effective at restoring your health.
You are vulnerable to heat. (rF-)


Message History

The 13-headed hydra bites you but does no damage.
You completely miss the 13-headed hydra.
The 13-headed hydra is moderately wounded.
A red film seems to cover your vision as you go berserk!
You feel yourself moving faster!
You feel mighty!
The 13-headed hydra bites you but does no damage.
The 13-headed hydra bites you. x2
The 13-headed hydra bites you but does no damage.
The 13-headed hydra bites you! The 13-headed hydra closely misses you.
The 13-headed hydra completely misses you.
The 13-headed hydra bites you. The 13-headed hydra barely misses you.
The 13-headed hydra bites you but does no damage.
The 13-headed hydra bites you! x2; The 13-headed hydra barely misses you.
The floating eye gazes piercingly through you!
You suddenly lose the ability to move!
The 13-headed hydra bites you. x3
The 13-headed hydra bites you but does no damage.
The 13-headed hydra bites you!
* * * LOW HITPOINT WARNING * * *
The 13-headed hydra bites you.
* * * LOW HITPOINT WARNING * * *
The 13-headed hydra bites you!
* * * LOW HITPOINT WARNING * * *
The 13-headed hydra bites you.
* * * LOW HITPOINT WARNING * * *
The 13-headed hydra bites you!
* * * LOW HITPOINT WARNING * * *
The 13-headed hydra bites you.
* * * LOW HITPOINT WARNING * * *
The 13-headed hydra bites you.
* * * LOW HITPOINT WARNING * * *
The 13-headed hydra bites you!
* * * LOW HITPOINT WARNING * * *
The 13-headed hydra bites you but does no damage.
The floating eye seems to glare at you. The 13-headed hydra bites you.
* * * LOW HITPOINT WARNING * * *
The 13-headed hydra bites you but does no damage.
The 13-headed hydra bites you.
You die...

#####################************
..#)[#§)§)§§§§§§@DG$#,,+,,,,*,,,,
..##'#§####.§.§§##$.+,,*,,,,**,,,
..'.§#.#(###§§§##**##*+*,,,,,****
###.§'.#'#.###+#,,,**,,*,,,,,*,,,
§##+####...#y#,**,,,*,,**,,,,*,∩,
.#.§...#.○.###,,***,*,,~***+**,,,
§#.°..○+.....#*,*,*,*,,~,,*,****+
§###.°.#.....#,,***,*,,~,**+*,,,,
.'.#.°.###++##,**,,,*,,~**,,,,,,,


You could see a 13-headed hydra and a floating eye (charged).

Vanquished Creatures
  A lorocyproca (D)
  2 centaur warriors (D)
  4 demonic crawlers (D)
  Sonja (D)
  A deep troll (D)
  A lindwurm (D)
  3 shining eyes (D)
  An oklob plant (D)
  A gargoyle (D)
  2 unseen horrors (D)
  2 kobold demonologists (D)
  A hornet (D)
  A slime creature (D)
  Sigmund (D)
  13 hogs (D)
  A yak (D)
  2 redbacks (D)
  3 floating eyes (D)
  An ogre (D)
  7 necrophages (D)
  8 jellies (D)
  Ijyb (D)
58 creatures vanquished.

Vanquished Creatures (collateral kills)
  5 shining eyes (D)
  3 floating eyes (D)
8 creatures vanquished.

Vanquished Creatures (others)
  2 ballistomycete spores (D)
2 creatures vanquished.

Grand Total: 68 creatures vanquished

Notes
Turn   | Place    | Note
-------+----------+-------------------------------------------
     0 | D        | sircluck the Troll Berserker began the quest for the Orb.
     0 | D        | Reached XP level 1. HP: 22/22 MP: 0/0
     1 | D        | Noticed Ijyb
    12 | D        | Killed Ijyb
    13 | D        | Reached skill level 4 in Unarmed Combat
    13 | D        | Reached XP level 2. HP: 11/32 MP: 1/1
    33 | D        | Noticed an ogre
    36 | D        | Killed an ogre
    37 | D        | Reached skill level 5 in Fighting
    37 | D        | Reached skill level 5 in Dodging
    37 | D        | Reached skill level 6 in Unarmed Combat
    37 | D        | Reached XP level 3. HP: 22/42 MP: 2/2
    37 | D        | Reached XP level 4. HP: 27/50 MP: 3/3
    60 | D        | Noticed Sigmund
    71 | D        | Killed Sigmund
    71 | D        | Reached ** piety under Trog
    72 | D        | Reached skill level 7 in Unarmed Combat
    72 | D        | Reached XP level 5. HP: 29/61 MP: 4/4
   108 | D        | Found an ornate altar of the Wu Jian Council.
   108 | D        | Found a shimmering blue altar of Sif Muna.
   110 | D        | Found a radiant altar of Vehumet.
   114 | D        | Reached skill level 8 in Unarmed Combat
   114 | D        | Reached XP level 6. HP: 59/68 MP: 5/5
   125 | D        | Noticed a centaur warrior
   125 | D        | Noticed a centaur warrior
   132 | D        | Noticed a hornet
   132 | D        | Killed a centaur warrior
   133 | D        | Reached skill level 10 in Unarmed Combat
   133 | D        | Reached XP level 7. HP: 74/81 MP: 6/6
   136 | D        | Killed a centaur warrior
   136 | D        | Reached *** piety under Trog
   137 | D        | Reached skill level 11 in Unarmed Combat
   137 | D        | Reached XP level 8. HP: 71/93 MP: 7/7
   141 | D        | Killed a hornet
   142 | D        | Reached skill level 10 in Fighting
   178 | D        | Noticed an oklob plant
   185 | D        | Killed an oklob plant
   186 | D        | Reached skill level 10 in Dodging
   186 | D        | Reached skill level 12 in Unarmed Combat
   186 | D        | Reached XP level 9. HP: 48/102 MP: 8/8
   243 | D        | Reached **** piety under Trog
   281 | D        | Reached ***** piety under Trog
   289 | D        | HP: 3/105 [acid (9)]
   380 | D        | Found the +3 crown of Dyrovepreva {rElec Int+2 SInv}
   388 | D        | Reached skill level 13 in Unarmed Combat
   399 | D        | Received a gift from Trog
   402 | D        | Reached ****** piety under Trog
   437 | D        | Noticed an unseen horror
   437 | D        | Noticed an unseen horror
   442 | D        | Killed an unseen horror
   448 | D        | Killed an unseen horror
   459 | D        | Found Baoj's Armour Shoppe.
   459 | D        | Found Luatogokk's Antique Weapon Shop.
   459 | D        | Found Vemah's Armour Boutique.
   461 | D        | Found Duxyqi's General Store.
   461 | D        | Found Irphalo's Distillery.
   461 | D        | Found Hueng's Magic Scroll Shoppe.
   461 | D        | Found Cuymi's General Store.
   461 | D        | Found Anozag's Jewellery Emporium.
   461 | D        | Found Detz's Jewellery Shop.
   461 | D        | Found Vec Pemn's Distillery.
   467 | D        | Bought a +2 cloak for 214 gold pieces
   473 | D        | Found Quoshryim's General Store.
   474 | D        | Bought a scroll of revelation for 97 gold pieces
   474 | D        | Found Likam's Antique Armour Emporium.
   474 | D        | Found Miyj's Magic Scroll Boutique.
   475 | D        | Found Zapnoffi's Armour Emporium.
   484 | D        | Noticed a fire giant
   484 | D        | Noticed a fire giant
   484 | D        | Noticed a fire giant
   517 | D        | Noticed a deep troll
   521 | D        | Killed a deep troll
   522 | D        | Reached XP level 10. HP: 73/115 MP: 9/9
   573 | D        | Noticed Sonja
   574 | D        | Killed Sonja
   575 | D        | Reached skill level 14 in Unarmed Combat
   721 | D        | Found Laibb's Assorted Antiques.
   758 | D        | Found Fytzorax's Jewellery Emporium.
   758 | D        | Found an ancient bone altar of Kikubaaqudgha.
   758 | D        | Found a hazy altar of Hepliaklqana.
   758 | D        | Found a stormy altar of Qazlal.
   758 | D        | Found a hide-covered altar of Uskayaw.
   758 | D        | Found a blossoming altar of Fedhas.
   758 | D        | Found a bloodstained altar of Trog.
   758 | D        | Found an iron altar of Okawaru.
   758 | D        | Found a basalt altar of Yredelemnul.
   758 | D        | Found a glowing golden altar of the Shining One.
   758 | D        | Found a snail-covered altar of Cheibriados.
   758 | D        | Found a sacrificial altar of Ru.
   758 | D        | Found a glowing silver altar of Zin.
   758 | D        | Found a shadowy altar of Dithmenos.
   758 | D        | Found a white marble altar of Elyvilon.
   762 | D        | Found an opulent altar of Gozag.
   763 | D        | Found a sparkling altar of Nemelex Xobeh.
   808 | D        | Found Wesif's Armour Emporium.
   830 | D        | Noticed a shining eye
   830 | D        | Noticed a shining eye
   830 | D        | Noticed a shining eye
   836 | D        | Killed a shining eye
   837 | D        | Received a gift from Trog
   839 | D        | Gained mutation: You are vulnerable to heat. (rF-) [a
                  | shining eye]
   840 | D        | Killed a shining eye
   844 | D        | Noticed a shining eye
   846 | D        | Killed a shining eye
   847 | D        | Reached skill level 15 in Unarmed Combat
   847 | D        | Noticed a shining eye
   848 | D        | Killed a shining eye
   854 | D        | Noticed a shining eye
   864 | D        | Killed a shining eye
   871 | D        | Gained mutation: Your body sometimes deteriorates upon
                  | taking damage. [a shining eye]
   872 | D        | Killed a shining eye
   872 | D        | Received a gift from Trog
   876 | D        | Noticed a shining eye
   876 | D        | Noticed a shining eye
   883 | D        | Gained mutation: Your body often deteriorates upon taking
                  | damage. [a shining eye]
   884 | D        | Killed a shining eye
   885 | D        | Reached XP level 11. HP: 127/127 MP: 10/10
   886 | D        | Gained mutation: You are frail. (-10% HP) [a shining eye]
   887 | D        | Paralysed by a floating eye for 4 turns
   893 | D        | Killed a shining eye
   901 | D        | Found Uwnasome's Assorted Antiques.
   901 | D        | Found Ceunk's Assorted Antiques.
   901 | D        | Found Mousog's Magic Scroll Boutique.
   901 | D        | Found Isine's Antique Weapon Emporium.
   941 | D        | Found a burning altar of Makhleb.
   941 | D        | Found a viscous altar of Jiyva.
   941 | D        | Found a shimmering altar of Xom.
   941 | D        | Found a corrupted altar of Lugonu.
   961 | D        | Paralysed by a floating eye for 4 turns
   963 | D        | Noticed a sun demon
   972 | D        | Noticed a sixfirhy
   976 | D        | Received a gift from Trog
   977 | D        | Reached skill level 16 in Unarmed Combat
   980 | D        | Gained mutation: Potions are less effective at restoring
                  | your health. [a neqoxec]
  1027 | D        | Noticed a demonic crawler
  1027 | D        | Noticed a demonic crawler
  1027 | D        | Noticed a demonic crawler
  1027 | D        | Noticed a demonic crawler
  1029 | D        | Killed a demonic crawler
  1032 | D        | Killed a demonic crawler
  1035 | D        | Killed a demonic crawler
  1038 | D        | Killed a demonic crawler
  1081 | D        | Noticed a lindwurm
  1088 | D        | Killed a lindwurm
  1095 | D        | Reached skill level 17 in Unarmed Combat
  1108 | D        | Received a gift from Trog
  1120 | D        | Reached skill level 15 in Fighting
  1124 | D        | Received a gift from Trog
  1245 | D        | Noticed a lorocyproca
  1257 | D        | Killed a lorocyproca
  1258 | D        | Reached skill level 15 in Dodging
  1513 | D        | Noticed a 12-headed hydra
  1516 | D        | Paralysed by a floating eye for 3 turns
  1517 | D        | HP: 6/177 [13-headed hydra (11)]
  1518 | D        | HP: 1/177 [13-headed hydra (6)]
  1518 | D        | Slain by a 13-headed hydra

Illustrated notes

Levels and vault maps discovered:
D:        dungeon_sprint_1 [red_sonja_temple_1, red_sonja_temple_small_1]

Skill      XL: |  1  2  3  4  5  6  7  8  9 10 11 |
---------------+----------------------------------+-----
Fighting       | 3 5 6 8 9 10 12 13 15 | 15.2
Dodging        | 3 5 6 8 9 10 11 13 15 | 15.0
Unarmed Combat | 4 6 7 8 10 11 12 13 15 17 | 17.7

Action                     |  1- 3 |  4- 6 |  7- 9 | 10-12 || total
---------------------------+-------+-------+-------+-------++-------
  Melee: Unarmed           |    12 |    14 |    70 |    91 ||   187
         Punch             |     1 |       |     4 |    11 ||    16
 Invoke: Berserk           |       |     1 |       |     2 ||     3
         Brothers in Arms  |       |       |       |     2 ||     2
  Evoke: Wand              |     1 |       |       |       ||     1
    Use: Potion            |       |       |     2 |       ||     2
         Scroll            |       |       |     1 |       ||     1
 Armour: Animal skin       |     8 |    11 |    62 |    88 ||   169
  Dodge: Dodged            |     2 |     2 |    39 |    39 ||    82

Table legend: (Time is in decaauts)
 A = Elapsed time spent in this place.
 B = Non-inter-level travel time spent in this place.
 C = Inter-level travel time spent in this place.
 D = Time resting spent in this place.
 E = Time spent auto-exploring this place.
 F = Levels seen in this place.
 G = Mean time per level.
                   A        B        C        D        E       F      G
               +--------+--------+--------+--------+--------+-----+--------+
         Total |   1490 |   1490 |      0 |    477 |    213 |   1 | 1490.0 |
       Dungeon |   1490 |   1490 |      0 |    477 |    213 |   1 | 1490.0 |
               +--------+--------+--------+--------+--------+-----+--------+

Top non-repeatable levels by time:
       D: 1490 daAuts
